 Dungeon Crawl Stone Soup version 0.26.1-11-gd32895ea62 (webtiles) character file.

Game seed: 9474804880078043015

1352401 DiogoH the Acrobat (level 27, 219/219 HPs)
             Began as a Gnoll Hedge Wizard on Aug 22, 2021.
             Was the Champion of Ashenzari.
             Escaped with the Orb
             ... and 3 runes on Aug 27, 2021!
             The game lasted 18:12:09 (130910 turns).

DiogoH the Acrobat (Gnoll Hedge Wizard)           Turns: 130910, Time: 18:12:10

Health: 219/219    AC: 33    Str: 17    XL:     27
Magic:  8/46       EV: 24    Int: 32    God:    Ashenzari [******]
Gold:   2815       SH: 23    Dex: 17    Spells: 8/64 levels left

rFire    + + +     SeeInvis +   a - +10 long sword "Bidyumah" {pain, rN+ Str-2 Int+8} (curse)
rCold    + + .     Faith    .   m - +1 tower shield {reflect} (curse)
rNeg     + + .     Spirit   .   v - +4 fire dragon scales (curse)
rPois    +         Reflect  +   d - +0 helmet
rElec    +         Harm     .   X - +2 cloak {rCorr} (curse)
rCorr    +         Rampage  .   Y - +2 pair of gloves of Anaesthesia {rC++ Str+3} (curse)
Will     +++++     Clarity  +   g - +2 pair of boots "Rairoapt" {rElec Stlth+} (curse)
Stlth    +++.......             y - amulet "Ahob" {rC+ rN+ Will+++ Regen+ MP-9} (curse)
HPRegen  0.86/turn              V - ring of magical power (curse)
MPRegen  0.30/turn              Q - ring of Cesicely {+Inv +Fly rPois rF+ Dex+2} (curse)

@: hasted (expiring), studying 2 skills, very quick
A: distributed training, fangs 1, dopey 1, strong nose
0: Orb of Zot
}: 3/15 runes: decaying, serpentine, silver
a: Renounce Religion, Evoke Invisibility, Evoke Flight, Curse Item, Scrying


You escaped.
You worshipped Ashenzari.
Ashenzari was exalted by your worship.
You visited 11 branches of the dungeon, and saw 53 of its levels.
You also visited: Trove, Gauntlet, Ice Cave and Wizlab.

You collected 11265 gold pieces.
You spent 8450 gold pieces at shops.

Inventory:

Hand Weapons
 a - the cursed +10 long sword "Bidyumah" (weapon) {pain, rN+ Str-2 Int+8}
   (You took it off an orc wizard on level 7 of the Dungeon)

   In the hands of one skilled in necromantic magic, it inflicts extra damage on
   living creatures.
   It affects your strength (-2).
   It affects your intelligence (+8).
   It protects you from negative energy.
   It has a curse placed upon it.
Missiles
 G - 27 curare-tipped darts
 N - a throwing net (quivered)
Armour
 d - a +0 helmet (worn)
 g - the cursed +2 pair of boots "Rairoapt" (worn) {rElec Stlth+}
   (You found it on level 2 of the Snake Pit)

   It insulates you from electricity.
   It makes you more stealthy.
   It has a curse placed upon it.
 m - a cursed +1 tower shield of reflection (worn)
 v - cursed +4 fire dragon scales (worn)
 X - a cursed +2 cloak of preservation (worn)
 Y - the cursed +2 pair of gloves of Anaesthesia (worn) {rC++ Str+3}
   (You found it on level 3 of the Elven Halls)

   It affects your strength (+3).
   It greatly protects you from cold.
   It has a curse placed upon it.
Jewellery
 y - the cursed amulet "Ahob" (around neck) {rC+ rN+ Will+++ Regen+ MP-9}
   (You took it off a deep elf high priest on level 3 of the Elven Halls)

   [amulet of regeneration]

   It protects you from cold.
   It protects you from negative energy.
   It affects your willpower, your defense against some magical effects.
   It affects your magic capacity (-9).
   It increases your rate of regeneration.
   It has a curse placed upon it.
 Q - the cursed ring of Cesicely (right hand) {+Inv +Fly rPois rF+ Dex+2}
   (You bought it in a shop on level 3 of the Vaults)

   [ring of flight]

   It affects your dexterity (+2).
   It protects you from fire.
   It protects you from poison.
   It lets you turn invisible.
   It lets you fly.
   It has a curse placed upon it.
 V - a cursed ring of magical power (left hand)
Wands
 s - a wand of acid (7)
 z - a wand of flame (74)
 B - a wand of disintegration (40)
 C - a wand of enslavement (33)
 L - a wand of iceblast (21)
 O - a wand of paralysis (15)
Scrolls
 e - 16 scrolls of fog
 i - 4 scrolls of fear
 l - 2 scrolls of silence
 p - 5 scrolls of blinking
 q - 14 scrolls of remove curse
 t - a scroll of immolation
 u - 2 scrolls of holy word
 x - 10 scrolls of amnesia
 K - 2 scrolls of summoning
 M - 35 scrolls of teleportation
 R - a scroll of acquirement
 S - 2 scrolls of torment
 T - 10 scrolls of vulnerability
Potions
 b - 4 potions of ambrosia
 c - 8 potions of berserk rage
 f - 4 potions of magic
 h - 5 potions of resistance
 k - 11 potions of attraction
 n - 20 potions of curing
 o - 4 potions of haste
 r - 6 potions of might
 A - 5 potions of mutation
 D - 17 potions of lignification
 E - 10 potions of brilliance
 F - 5 potions of heal wounds
 W - 7 potions of invisibility
 Z - 6 potions of cancellation
Books
 w - a manual of Dodging
 I - a manual of Transmutations
Miscellaneous
 j - a condenser vane
 H - a lightning rod (4/4)
 P - a phantom mirror


   Skills:
 + Level 18.5 Fighting
 + Level 18.5 Short Blades
 + Level 18.5(22.1) Long Blades
 + Level 18.5 Axes
 + Level 18.5 Maces & Flails
 + Level 18.5 Polearms
 + Level 18.5 Staves
 + Level 18.5 Slings
 + Level 18.5 Bows
 + Level 18.5 Crossbows
 + Level 18.5 Throwing
 + Level 18.5(20.8) Armour
 + Level 22.3(24.4) Dodging
 + Level 18.8 Stealth
 + Level 18.5(20.8) Shields
 + Level 18.5 Unarmed Combat
 + Level 19.4 Spellcasting
 + Level 16.1(20.0) Conjurations
 + Level 16.0(19.9) Hexes
 + Level 16.1(20.0) Summonings
 + Level 16.0(19.9) Necromancy
 + Level 16.1(20.0) Translocations
 + Level 18.5(22.2) Transmutations
 + Level 16.0(19.9) Fire Magic
 + Level 16.0(19.9) Ice Magic
 + Level 16.0(19.9) Air Magic
 + Level 16.0(19.9) Earth Magic
 + Level 16.0(19.9) Poison Magic
 + Level 19.9 Invocations
 + Level 18.5(22.1) Evocations


You had 8 spell levels left.
You knew the following spells:

 Your Spells              Type           Power        Failure   Level
a - Spellforged Servitor  Conj/Summ      51%          1%          7
b - Magic Dart            Conj           100%         0%          1
c - Mephitic Cloud        Conj/Pois/Air  100%         0%          3
d - Bolt of Magma         Conj/Fire/Erth 51%          1%          5
f - Fireball              Conj/Fire      51%          1%          5
g - Iron Shot             Conj/Erth      51%          1%          6
h - Orb of Destruction    Conj           51%          1%          7
i - Lehudib's Crystal Sp  Conj/Erth      51%          9%          8
j - Blink                 Tloc           N/A          0%          2
k - Yara's Violent Unrav  Hex/Tmut       52%          1%          5
l - Olgreb's Toxic Radia  Pois           100%         0%          4
m - Ignite Poison         Fire/Tmut/Pois 100%         0%          3

Your spell library contained the following spells:

 Spells                   Type           Power        Failure   Level
 Animate Skeleton         Necr           100%         0%          1
 Corona                   Hex            100%         0%          1
 Foxfire                  Conj/Fire      100%         0%          1
 Freeze                   Ice            100%         0%          1
 Pain                     Necr           100%         0%          1
 Sting                    Tmut/Pois      100%         0%          1
 Summon Small Mammal      Summ           100%         0%          1
 Call Imp                 Summ           100%         0%          2
 Ensorcelled Hibernation  Hex/Ice        100%         0%          2
 Poisonous Vapours        Pois/Air       100%         0%          2
 Slow                     Hex            100%         0%          2
 Call Canine Familiar     Summ           100%         0%          3
 Confusing Touch          Hex            100%         0%          3
 Conjure Flame            Conj/Fire      100%         0%          3
 Dazzling Flash           Conj/Hex       100%         0%          3
 Frozen Ramparts          Ice            100%         0%          3
 Gell's Gravitas          Tloc           51%          0%          3
 Inner Flame              Hex/Fire       100%         0%          3
 Ozocubu's Armour         Ice            100%         0%          3
 Portal Projectile        Hex/Tloc       100%         0%          3
 Summon Guardian Golem    Hex/Summ       100%         0%          3
 Tukima's Dance           Hex            100%         0%          3
 Vampiric Draining        Necr           51%          0%          3
 Animate Dead             Necr           51%          0%          4
 Cause Fear               Hex            51%          0%          4
 Hailstorm                Conj/Ice       100%         0%          4
 Leda's Liquefaction      Hex/Erth       51%          0%          4
 Petrify                  Tmut/Erth      100%         0%          4
 Sticky Flame             Conj/Fire      100%         0%          4
 Summon Ice Beast         Ice/Summ       100%         0%          4
 Summon Lightning Spire   Summ/Air       100%         0%          4
 Agony                    Necr           100%         1%          5
 Borgnjor's Vile Clutch   Necr/Erth      51%          1%          5
 Irradiate                Conj/Tmut      52%          1%          5
 Iskenderun's Battlesphe  Conj           100%         1%          5
 Metabolic Englaciation   Hex/Ice        51%          1%          5
 Silence                  Hex/Air        51%          1%          5
 Summon Forest            Summ/Tloc      51%          1%          5
 Conjure Ball Lightning   Conj/Air       51%          1%          6
 Death Channel            Necr           51%          1%          6
 Hydra Form               Tmut           53%          1%          6
 Simulacrum               Ice/Necr       51%          1%          6
 Starburst                Conj/Fire      51%          1%          6
 Statue Form              Tmut/Erth      70%          1%          6
 Dragon Form              Tmut           53%          1%          7
 Chain Lightning          Conj/Air       51%          9%          8
 Discord                  Hex            51%          9%          8
 Absolute Zero            Ice            51%          78%         9
 Fire Storm               Conj/Fire      51%          78%         9
 Shatter                  Erth           51%          78%         9
 Tornado                  Air            51%          78%         9


Dungeon Overview and Level Annotations

Branches:
Dungeon (15/15)            Temple (1/1) D:7            Lair (6/6) D:10
  Swamp (4/4) Lair:2        Snake (4/4) Lair:4        Slime (0/5) Lair:5
    Orc (2/2) D:12            Elf (3/3) Orc:2        Vaults (5/5) D:14
  Crypt (3/3) Vaults:2       Tomb (0/3) Crypt:3      Depths (5/5) D:15
    Zot (5/5) Depths:5      IceCv (visited)          WizLab (visited)
Gauntlet (visited)

Altars:
Ashenzari
Cheibriados
Dithmenos
Elyvilon
Fedhas
Gozag
Hepliaklqana
Kikubaaqudgha
Makhleb
Nemelex Xobeh
Okawaru
Qazlal
Ru
Sif Muna
Trog
Uskayaw
Vehumet
Wu Jian
Xom
Yredelemnul
Zin
The Shining One
Jiyva

Shops:
D:4 !   Orc:2 [*(=   Vaults:2 *   Vaults:3 [=?   Vaults:5 ??   Depths:3 !

Portals:
Hell: Depths:1 Depths:2 Depths:3 Depths:4 Depths:5
Abyss: Lair:2 Depths:2 Depths:4
Pandemonium: Depths:2 Depths:3 Depths:5
Ziggurat: Depths:1

Annotations:
D:3 1 runed translucent door
D:14 2 transporters, Laowois's ghost, journeyman MiBe
Lair:2 2 transporters, Aryth's ghost, journeyman DrCj
Elf:2 3 runed translucent doors
Crypt:3 exclusion: 3 doors
Zot:2 2 transporters, Dedosmae's ghost, legendary GnFi


Innate Abilities, Weirdness & Mutations

Your experience applies equally to all skills.
You have very sharp teeth.
Your uncanny sense of smell can sniff out nearby items.
You are dopey. (Int -2)


Message History

N - a throwing net
There is a stone staircase leading up, spattered with blood here.
Things that are here:
a +5 eudemon blade of holy wrath; a +2 tower shield A hell beast comes into view.
You climb upwards.
There is a stone staircase leading down here.
(D) Dungeon (T) Temple (L) Lair (S) Swamp (P) Snake Pit (M) Slime Pits (O) Orcish Mines (E) Elven Halls (V) Vaults (C) Crypt (W) Tomb (U) Depths (H) Hell (Z) Zot
Where to? (Enter - D:1 @ (x,y), ? - help) HP restored.
There is a stone staircase leading up here.
You climb upwards.
There is a stone staircase leading down here.
There is a staircase leading out of the dungeon here.
Okay, then.
Your extra speed is starting to run out.
You have escaped!

......# #.#.......# #.##.##....
####### #.........#####..........
..# ##...............#.###... ..#
#..♣♣♣♣♣♣♣♣♣......###.#. ..#
#..♣PP..PP..♣.........#. ..#
#..♣PP..P...♣..##.###.#. ..#
####..♣..PP...P♣.........#.
#######.##..♣..P...PP♣...........
............♣PP.@.P..♣..#........
....###.....♣P...PP..♣..#........
.......##...♣...P..PP♣...........
.......##...♣.1PP..PP♣...........
.......###...♣♣♣♣♣♣♣♣♣...........
.......# #..................#'###
.......# #..............#####.# #
#......# #######..#########...# #
#......# #..# #.......# #


You could see a Tzitzimitl.

Vanquished Creatures
  4 orbs of fire
  6 ancient liches
  2 juggernauts
  Frederick (Crypt:1)
  Bai Suzhen (Crypt:2)
  2 Killer Klowns (Zot:5)
  A curse toe (Zot:4)
  A caustic shrike (Depths:1)
  7 golden dragons
  the Enchantress (Depths:2)
  A bone dragon (Crypt:3)
  Nikola (Swamp:3)
  An electric golem (Zot:5)
  6 tentacled monstrosities
  17 Orb Guardians (Zot:5)
  4 titans
  6 liches
  4 quicksilver dragons
  A deep elf master archer (Elf:3)
  5 death cobs
  An Executioner (D:9)
  8 shadow dragons
  2 sphinxes
  5 draconian monks
  7 storm dragons
  Roxanne (Swamp:1)
  A thorn hunter (Swamp:2)
  5 tengu reavers
  6 ancient champions
  A daeva (D:3)
  Kirke (Swamp:4)
  A revenant (Crypt:1)
  A fenstrider witch (Swamp:1)
  12 nagarajas
  18 vault wardens
  11 fire giants
  3 draconian knights
  Louise (Snake:4)
  3 orc warlords
  9 frost giants
  A ghost moth (Zot:5)
  11 deep elf sorcerers
  4 iron dragons
  A frost giant (shapeshifter) (Vaults:5)
  An emperor scorpion (shapeshifter) (Vaults:5)
  6 draconian stormcallers
  3 ghouls
  A balrug (Depths:5)
  8 deep elf elementalists
  4 spriggan defenders
  A reaper (Crypt:2)
  A caustic shrike zombie (Crypt:1)
  2 draconian shifters (Zot:2)
  13 ironheart preservers
  3 war gargoyles
  10 very ugly things
  15 stone giants
  3 draconian annihilators
  5 black draconians
  9 deep elf demonologists
  Nessos (D:14)
  4 vampire knights
  The ghost of Amet the Severer, a journeyman MiBe of Trog (Swamp:1)
  3 green draconians
  9 bunyips
  4 yellow draconians
  An entropy weaver (shapeshifter) (Vaults:4)
  10 spark wasps
  3 white draconians
  A minotaur (Gauntlet)
  5 red draconians
  3 entropy weavers
  9 purple draconians
  An orange crystal statue (WizLab)
  Snorg (Orc:1)
  4 eleionomae
  3 deep elf annihilators (Elf:3)
  5 deep elf death magi
  7 ettins
  3 eidola (Crypt:1)
  A green death (Depths:3)
  3 crystal guardians (Crypt:3)
  7 jiangshi
  9 yaktaur captains
  9 fire dragons
  39 vault guards
  11 ogre magi
  3 deep elf high priests
  6 great orbs of eyes
  Fannar (D:12)
  17 naga warriors
  3 rakshasas
  8 ice dragons
  5 spriggan air magi
  6 boulder beetles
  A ghost crab (Swamp:3)
  23 hydras
  A catoblepas (D:14)
  A catoblepas (shapeshifter) (Gauntlet)
  28 two-headed ogres
  11 centaur warriors
  4 deep troll earth magi
  A death knight (Crypt:1)
  An anaconda (shapeshifter) (Depths:3)
  13 anacondas
  8 vampire magi
  11 dancing weapons
  9 alligators
  A tengu warrior (Depths:1)
  5 deep troll shamans
  3 orc high priests (Orc:2)
  7 spriggan berserkers
  8 death yaks (Lair:5)
  3 shock serpents (Snake:2)
  12 naga sharpshooters
  10 hell knights
  Sonja (Lair:1)
  14 deep elf knights
  Nergalle (Lair:1)
  A sixfirhy (Depths:5)
  2 soul eaters
  An unseen horror (shapeshifter) (Vaults:2)
  7 unseen horrors
  A death drake (shapeshifter) (Vaults:5)
  2 shadow wraiths
  2 storm dragon skeletons
  5 goliath frogs
  4 salamander mystics
  9 skeletal warriors
  6 flayed ghosts
  3 golden dragon zombies
  A spectral bunyip (Swamp:1)
  13 deep trolls
  A spark wasp zombie (Depths:1)
  4 spriggan druids
  14 deep elf archers
  A torturous demonspawn (Depths:3)
  9 naga ritualists
  15 swamp dragons
  An infernal demonspawn (D:3)
  7 wizards
  5 bog bodies
  13 ironbrand convokers
  9 glowing orange brains
  6 phantasmal warriors
  5 lindwurms
  An iron giant skeleton (Crypt:2)
  12 mana vipers
  39 deep elf magi
  24 necromancers
  14 orc knights
  A mana viper (shapeshifter) (Vaults:4)
  4 oklob plants (Lair:4)
  3 wolf spider zombies
  3 wolf spiders
  9 orc sorcerers
  An iron dragon zombie (Crypt:1)
  5 will-o-the-wisps
  10 cyclopes
  2 frost giant zombies (Depths:1)
  11 salamanders
  2 human zombies (Vaults:2)
  34 ugly things
  3 stone giant skeletons
  18 moths of wrath
  Maurice (Orc:2)
  An iron dragon skeleton (Depths:1)
  45 black mambas
  A guardian serpent (shapeshifter) (Vaults:3)
  A rust devil (Depths:5)
  19 naga magi
  9 torpor snails
  A spectral spriggan (Swamp:1)
  17 vault sentinels
  3 eyes of devastation (shapeshifter)
  4 elephants (Lair:6)
  2 frost giant skeletons
  A fire giant skeleton (Crypt:3)
  6 guardian serpents
  A smoke demon (Depths:5)
  A water nymph (shapeshifter) (Gauntlet)
  An orange demon (Depths:5)
  A cane toad (shapeshifter) (Gauntlet)
  3 yaktaur zombies
  12 cane toads
  2 minotaur zombies (Gauntlet)
  7 centaur skeletons
  A kobold demonologist (D:12)
  2 yaktaurs (shapeshifter)
  10 freezing wraiths
  5 rime drakes
  A rime drake (shapeshifter) (Vaults:2)
  A bunyip simulacrum (Swamp:1)
  A demonic crawler (Lair:5)
  2 ice devils (Lair:2)
  15 komodo dragons
  43 yaktaurs
  A pale draconian skeleton (Crypt:1)
  A bloated husk (Swamp:3)
  A merfolk (shapeshifter) (Gauntlet)
  2 jumping spiders (shapeshifter)
  2 trolls (shapeshifter)
  3 red devils (Depths:3)
  20 hornets
  12 tyrant leeches
  4 polar bears
  A wind drake (shapeshifter) (Vaults:2)
  11 trolls
  5 blink frogs
  33 slime creatures
  2 large abominations (Depths:4)
  14 dream sheep
  An eleionoma simulacrum (Swamp:1)
  A fire dragon zombie (Depths:1)
  A centaur simulacrum (D:15)
  15 flying skulls
  A redback (Vaults:2)
  A spriggan (shapeshifter) (Depths:2)
  7 spriggans
  A tarantella (shapeshifter) (Depths:3)
  Sigmund (D:3)
  2 air elementals (Elf:1)
  2 shadows
  9 humans (D:14)
  An ettin skeleton (Crypt:3)
  9 water elementals
  A human (shapeshifter) (Vaults:5)
  A vampire (D:15)
  7 wraiths
  4 wyverns
  3 ice dragon skeletons
  A hog (Swamp:4)
  2 fire elementals
  31 yaks
  4 basilisks
  A deep troll skeleton (Depths:1)
  A neqoxec (Depths:3)
  6 chaos spawn
  Menkaure (D:4)
  2 vampire mosquitoes (Swamp:1)
  65 nagas
  20 swamp worms
  6 wargs
  A soldier ant (D:10)
  3 hydra simulacra (Swamp:1)
  6 acid dragons
  2 hell hounds (Depths:3)
  2 deep troll zombies
  Duvessa (D:4)
  12 water moccasins
  A cane toad zombie (Crypt:1)
  2 nameless horrors
  4 small abominations
  8 swamp drakes
  4 ice beasts
  3 sky beasts
  A meliai simulacrum (D:14)
  48 orc warriors
  3 phantoms
  An eye of draining (shapeshifter) (Vaults:3)
  An orc zombie (Vaults:2)
  3 black bears
  2 necrophages (Crypt:3)
  An alligator simulacrum (Swamp:1)
  22 centaurs
  7 boggarts
  28 wolves
  An orc skeleton (Vaults:1)
  31 ogres
  A lemure (D:5)
  A spriggan simulacrum (Swamp:1)
  A big kobold (D:8)
  11 bullfrogs
  An earth elemental (Elf:3)
  A glowing shapeshifter simulacrum (Depths:1)
  A wyvern zombie (D:6)
  Dowan (D:4)
  A wyvern skeleton (D:12)
  A spriggan zombie (Crypt:1)
  9 killer bees
  A raiju zombie (Crypt:2)
  An orc simulacrum (Vaults:1)
  10 wights
  A howler monkey (D:7)
  2 electric eels
  3 crimson imps
  2 yaktaur simulacra (Depths:1)
  A human simulacrum (Vaults:4)
  29 orc priests
  3 hounds
  2 jellies
  2 quasits
  2 iron imps (Depths:5)
  31 orc wizards
  A bullfrog skeleton (D:8)
  6 iguanas
  7 hell rats (Lair:3)
  A statue (D:8)
  6 worker ants
  A killer bee zombie (D:8)
  A demigod skeleton (Crypt:2)
  An acid dragon skeleton (Crypt:2)
  A hound zombie (D:5)
  2 hound skeletons
  A worker ant zombie (D:6)
  A howler monkey zombie (D:9)
  5 adders
  4 gnolls (D:11)
  A shadow imp (D:5)
  A white imp (D:6)
  2 ufetubi
  2 oozes
  An adder zombie (D:5)
  An adder skeleton (D:4)
  3 worms (D:2)
  A worm (shapeshifter) (Depths:1)
  9 leopard geckos
  149 orcs
  A ball python (D:6)
  8 bats
  2 bat zombies (D:5)
  6 giant cockroaches
  8 goblins
  8 hobgoblins
  A jackal (D:6)
  3 quokkas
  5 frilled lizards
  A frilled lizard (shapeshifter) (Gauntlet)
  14 kobolds
  A leopard gecko skeleton (D:4)
  A quokka zombie (D:7)
  7 rats
  A rat skeleton (Crypt:1)
  2 rat zombies
  A spectral orc (D:9)
  A crawling corpse (Elf:3)
2133 creatures vanquished.

Vanquished Creatures (collateral kills)
  An orb of fire (Zot:5)
  An ancient lich (Vaults:5)
  3 Killer Klowns (Zot:5)
  2 golden dragons
  An electric golem (Zot:5)
  7 tentacled monstrosities
  4 liches
  10 Orb Guardians
  5 deep elf blademasters
  3 quicksilver dragons
  2 deep elf master archers (Elf:3)
  A titan (Vaults:5)
  3 sphinxes
  2 ancient champions
  4 death cobs
  2 tengu reavers
  4 shadow dragons
  10 storm dragons
  A revenant (Crypt:1)
  A draconian monk (Zot:4)
  A fire giant (Vaults:5)
  2 deep elf sorcerers (Elf:3)
  An iron dragon (Depths:3)
  A frost giant (Depths:2)
  A balrug (Depths:3)
  A deep elf elementalist (Elf:3)
  5 vault wardens
  A curse skull (Crypt:1)
  A draconian shifter (Zot:4)
  An ironheart preserver (Vaults:5)
  A reaper (Crypt:1)
  2 war gargoyles (Crypt:3)
  4 very ugly things
  2 draconian annihilators (Zot:3)
  A caustic shrike skeleton (Depths:2)
  2 stone giants
  The ghost of Jiharaak the Thaumaturge, a journeyman DrEE of Vehumet (Lair:3)
  3 deep elf annihilators (Elf:3)
  2 black draconians (Zot:1)
  4 green draconians
  5 purple draconians
  5 red draconians
  4 white draconians
  7 spark wasps
  3 deep elf demonologists
  2 yellow draconians
  An ettin (Vaults:2)
  An eleionoma (shapeshifter) (Depths:3)
  2 eidola (Crypt:1)
  3 fire dragons
  4 yaktaur captains
  7 jiangshi
  3 deep elf death magi
  An ogre mage (Depths:4)
  2 great orbs of eyes
  2 rakshasas
  2 hydras
  2 ice dragons
  4 vault guards
  5 deep elf high priests
  4 spriggan air magi
  An anaconda (shapeshifter) (Vaults:5)
  A centaur warrior (Depths:2)
  4 two-headed ogres (Depths:4)
  2 deep troll earth magi
  2 vampire magi (Crypt:1)
  A deep troll shaman (Depths:4)
  A spriggan berserker (Depths:2)
  7 dancing weapons
  2 titan zombies
  16 skeletal warriors
  An iron troll (Depths:4)
  3 deep elf knights (Elf:3)
  A golden dragon zombie (Crypt:3)
  A titan skeleton (Vaults:5)
  12 hell knights
  A deep troll (Depths:3)
  3 flayed ghosts
  A wizard (Depths:2)
  A glowing orange brain (Depths:2)
  3 phantasmal warriors
  3 deep elf archers
  7 ugly things
  Pikel (D:5)
  A tengu skeleton (Vaults:5)
  9 deep elf magi
  An iron dragon zombie (Crypt:1)
  2 fire giant zombies
  A stone giant zombie (Crypt:3)
  A human zombie (Vaults:4)
  A moth of wrath (Zot:3)
  3 vault sentinels
  A fire giant skeleton (Vaults:5)
  A black mamba (shapeshifter) (Vaults:5)
  A cane toad (Lair:3)
  A smoke demon (Depths:5)
  A minotaur zombie (Crypt:2)
  3 hellwings (Depths:3)
  13 yaktaurs
  2 red devils (Depths:3)
  2 komodo dragons
  A troll (Vaults:5)
  A large abomination (Depths:4)
  4 slime creatures
  A hornet (shapeshifter) (Depths:2)
  A hornet (Depths:5)
  An ettin zombie (Crypt:3)
  3 dream sheep (Lair:4)
  An alligator zombie (Crypt:1)
  5 flying skulls
  4 spriggans
  A water elemental (Elf:2)
  A yak (Lair:1)
  A redback (shapeshifter) (Depths:5)
  3 wargs (Vaults:5)
  A warg (shapeshifter) (Depths:2)
  A monstrous demonspawn zombie (Crypt:1)
  Edmund (D:4)
  A water moccasin (Lair:2)
  A hell hound (Depths:3)
  An orc warrior (D:9)
  A human skeleton (Vaults:4)
  A hornet zombie (D:12)
  6 ogres
  2 centaurs
  2 necrophages
  A small abomination (Depths:4)
  A palentonga zombie (Crypt:2)
  A bullfrog (Lair:4)
  A komodo dragon skeleton (Crypt:1)
  A draconian skeleton (Crypt:1)
  A howler monkey (D:7)
  2 crimson imps
  A quasit (D:5)
  A bullfrog zombie (D:6)
  A centaur zombie (D:8)
  An orc priest (D:4)
  2 hounds
  5 orc wizards
  A worker ant (D:8)
  A howler monkey zombie (D:7)
  2 howler monkey skeletons
  2 adders
  2 shadow imps
  An ufetubus (D:6)
  An ooze (D:5)
  3 worms
  7 orcs
  A bat skeleton (Crypt:1)
  A giant cockroach (D:5)
  6 jackals
  A kobold (D:8)
  A rat (D:3)
  3 crawling corpses
390 creatures vanquished.

Vanquished Creatures (others)
  A vault guard (D:14)
  A wizard (Depths:4)
  2 deep elf magi
  A bloated husk (Swamp:2)
  A yak (IceCv)
  4 humans (Swamp:4)
  A shadow imp (Depths:5)
  10 foxfires
  54 fungi
  174 plants
249 creatures vanquished.

Grand Total: 2772 creatures vanquished

Notes
Turn   | Place    | Note
-------+----------+-------------------------------------------
     0 | D:1      | DiogoH the Gnoll Hedge Wizard began the quest for the Orb.
     0 | D:1      | Reached XP level 1. HP: 13/13 MP: 8/8
   278 | D:1      | Reached XP level 2. HP: 19/19 MP: 8/10
   288 | D:1      | Learned a level 2 spell: Call Imp
   291 | D:1      | Learned a level 2 spell: Blink
   880 | D:1      | Reached XP level 3. HP: 25/25 MP: 7/11
  1198 | D:2      | Reached skill level 1 in Invocations
  1290 | D:2      | Found a glowing golden altar of the Shining One.
  1670 | D:2      | Found an iron altar of Okawaru.
  1776 | D:2      | Reached skill level 1 in Fighting
  1776 | D:2      | Reached skill level 1 in Short Blades
  1776 | D:2      | Reached skill level 1 in Long Blades
  1776 | D:2      | Reached skill level 1 in Axes
  1776 | D:2      | Reached skill level 1 in Maces & Flails
  1776 | D:2      | Reached skill level 1 in Polearms
  1776 | D:2      | Reached skill level 1 in Staves
  1776 | D:2      | Reached skill level 1 in Slings
  1776 | D:2      | Reached skill level 1 in Bows
  1776 | D:2      | Reached skill level 1 in Crossbows
  1776 | D:2      | Reached skill level 1 in Throwing
  1776 | D:2      | Reached skill level 1 in Armour
  1776 | D:2      | Reached skill level 1 in Shields
  1776 | D:2      | Reached skill level 1 in Unarmed Combat
  1776 | D:2      | Reached skill level 1 in Evocations
  1853 | D:2      | Found a shimmering altar of Xom.
  1958 | D:2      | Found an ornate altar of the Wu Jian Council.
  2183 | D:2      | Reached XP level 4. HP: 32/32 MP: 4/13
  2453 | D:2      | Found a shimmering blue altar of Sif Muna.
  2621 | D:3      | Noticed Sigmund
  2717 | D:3      | Killed Sigmund
  2718 | D:3      | Reached skill level 1 in Hexes
  2718 | D:3      | Reached skill level 1 in Necromancy
  2718 | D:3      | Reached skill level 1 in Transmutations
  2718 | D:3      | Reached skill level 1 in Fire Magic
  2718 | D:3      | Reached skill level 1 in Ice Magic
  2718 | D:3      | Reached skill level 1 in Air Magic
  2718 | D:3      | Reached skill level 1 in Earth Magic
  2718 | D:3      | Reached skill level 1 in Poison Magic
  2718 | D:3      | Reached XP level 5. HP: 37/37 MP: 6/14
  2949 | D:3      | Found a glowing silver altar of Zin.
  2949 | D:3      | Noticed an angel
  2950 | D:3      | Found a runed translucent door.
  3148 | D:3      | Found a hide-covered altar of Uskayaw.
  3153 | D:3      | Noticed a +0 dagger
  3153 | D:3      | Noticed a +0 dagger
  3368 | D:4      | Noticed Duvessa
  3368 | D:4      | Noticed Dowan
  3516 | D:4      | Noticed an ogre
  3526 | D:4      | Killed an ogre
  3527 | D:4      | Reached XP level 6. HP: 44/44 MP: 10/16
  3533 | D:4      | Found Tupsow's Distillery.
  3671 | D:4      | Found a broken altar of Ashenzari.
  4019 | D:4      | Became a worshipper of Ashenzari the Shackled
  4042 | D:4      | Reached skill level 5 in Dodging
  4230 | D:4      | Learned a level 3 spell: Conjure Flame
  4234 | D:4      | Learned a level 3 spell: Mephitic Cloud
  4353 | D:4      | Noticed Menkaure
  4966 | D:4      | Noticed Edmund
  5010 | D:4      | Killed Edmund
  5011 | D:4      | Reached XP level 7. HP: 44/50 MP: 2/18
  5639 | D:4      | Killed Duvessa
  5649 | D:4      | Killed Dowan
  6013 | D:5      | Entered Level 5 of the Dungeon
  6206 | D:5      | Noticed a troll
  6446 | D:5      | Found an ancient bone altar of Kikubaaqudgha.
  6477 | D:5      | Reached skill level 5 in Stealth
  7260 | D:5      | Reached XP level 8. HP: 44/57 MP: 4/19
  7355 | D:5      | Noticed Pikel
  7414 | D:5      | Killed Pikel
  7858 | D:5      | Killed a troll
  8079 | D:5      | Found a sparkling altar of Nemelex Xobeh.
  8293 | D:6      | Reached skill level 6 in Dodging
  8342 | D:6      | Reached XP level 9. HP: 57/65 MP: 10/21
  8420 | D:6      | Found a white marble altar of Elyvilon.
  8673 | D:6      | Found Nusunk's Distillery.
  8678 | D:6      | Bought a potion of heal wounds for 65 gold pieces
  8769 | D:6      | Bought a potion of curing for 39 gold pieces
  9229 | D:6      | Reached * piety under Ashenzari
  9388 | D:6      | Found a bloodstained altar of Trog.
  9908 | D:7      | Found a staircase to the Ecumenical Temple.
  9915 | Temple   | Entered the Ecumenical Temple
 10292 | D:7      | Found a snail-covered altar of Cheibriados.
 10971 | D:7      | Identified the +10 long sword "Bidyumah" {pain, rN+ Str-2
                  | Int+8}
 11359 | D:7      | Found a staircase to the Ecumenical Temple.
 11486 | D:7      | Found a snail-covered altar of Cheibriados.
 12041 | D:8      | Found a radiant altar of Vehumet.
 12059 | D:7      | Reached skill level 5 in Invocations
 12648 | D:8      | Found a stormy altar of Qazlal.
 12768 | D:9      | Found a blossoming altar of Fedhas.
 12804 | D:9      | Learned a level 4 spell: Animate Dead
 12953 | D:9      | Reached XP level 10. HP: 68/73 MP: 10/22
 13065 | D:9      | Noticed a two-headed ogre
 13075 | D:9      | Killed a two-headed ogre
 13076 | D:9      | Reached skill level 5 in Fighting
 13076 | D:9      | Reached skill level 5 in Short Blades
 13076 | D:9      | Reached skill level 5 in Long Blades
 13076 | D:9      | Reached skill level 5 in Axes
 13076 | D:9      | Reached skill level 5 in Maces & Flails
 13076 | D:9      | Reached skill level 5 in Polearms
 13076 | D:9      | Reached skill level 5 in Staves
 13076 | D:9      | Reached skill level 5 in Slings
 13076 | D:9      | Reached skill level 5 in Bows
 13076 | D:9      | Reached skill level 5 in Crossbows
 13076 | D:9      | Reached skill level 5 in Throwing
 13076 | D:9      | Reached skill level 5 in Armour
 13076 | D:9      | Reached skill level 7 in Dodging
 13076 | D:9      | Reached skill level 5 in Shields
 13076 | D:9      | Reached skill level 5 in Unarmed Combat
 13076 | D:9      | Reached skill level 5 in Evocations
 13305 | D:9      | Found a basalt altar of Yredelemnul.
 13349 | D:10     | Entered Level 10 of the Dungeon
 13365 | D:10     | Noticed a four-headed hydra
 13380 | D:10     | Found a staircase to the Lair.
 13492 | D:10     | Reached skill level 5 in Conjurations
 13492 | D:10     | Reached skill level 5 in Summonings
 13492 | D:10     | Reached skill level 5 in Translocations
 14326 | D:10     | Killed a four-headed hydra
 14478 | D:10     | Found Qailer's Island Escapes.
 14556 | Lair:1   | Entered Level 1 of the Lair of Beasts
 14565 | Lair:1   | Reached XP level 11. HP: 61/81 MP: 24/24
 14619 | Lair:1   | Noticed Sonja
 14702 | Lair:1   | Reached ** piety under Ashenzari
 15057 | Lair:1   | Reached skill level 5 in Hexes
 15057 | Lair:1   | Reached skill level 5 in Necromancy
 15057 | Lair:1   | Reached skill level 5 in Transmutations
 15057 | Lair:1   | Reached skill level 5 in Fire Magic
 15057 | Lair:1   | Reached skill level 5 in Ice Magic
 15057 | Lair:1   | Reached skill level 5 in Air Magic
 15057 | Lair:1   | Reached skill level 5 in Earth Magic
 15057 | Lair:1   | Reached skill level 5 in Poison Magic
 15519 | Lair:1   | Noticed Nergalle
 15536 | Lair:1   | Killed Nergalle
 15552 | Lair:1   | Killed Sonja
 15669 | Lair:1   | Reached skill level 8 in Dodging
 16267 | Lair:2   | Noticed a seven-headed hydra
 16308 | Lair:2   | Noticed a four-headed hydra
 16318 | Lair:2   | Killed a five-headed hydra
 16325 | Lair:2   | Found a frozen archway.
 16369 | IceCv    | Entered an ice cave
 16392 | IceCv    | Learned a level 5 spell: Bolt of Magma
 17279 | Lair:2   | Reached XP level 12. HP: 85/89 MP: 22/25
 17286 | Lair:2   | Killed a seven-headed hydra
 17287 | Lair:2   | Reached skill level 10 in Spellcasting
 17432 | Lair:2   | Found a staircase to the Swamp.
 17667 | Lair:2   | Identified the +5 trident "Jeggoczu" {distort, rPois rN+}
 17680 | Lair:2   | Found a transporter.
 17704 | Lair:2   | Found a transporter.
 17709 | Lair:2   | Found a one-way gate to the infinite horrors of the Abyss.
 17709 | Lair:2   | Noticed Aryth's ghost (journeyman DrCj)
 19532 | Lair:3   | Found a transporter.
 19532 | Lair:3   | Noticed Jiharaak's ghost (journeyman DrEE)
 19532 | Lair:3   | Noticed a seven-headed hydra
 19543 | Lair:3   | Found a transporter.
 20568 | Lair:4   | Reached skill level 9 in Dodging
 20994 | Lair:4   | Reached *** piety under Ashenzari
 21203 | Lair:4   | Found a staircase to the Snake Pit.
 21923 | Lair:4   | Reached XP level 13. HP: 98/98 MP: 11/27
 22705 | Lair:5   | Learned a level 5 spell: Fireball
 24684 | Lair:5   | Found a viscous altar of Jiyva.
 24685 | Lair:5   | Found a staircase to the Slime Pits.
 24951 | Lair:6   | Entered Level 6 of the Lair of Beasts
 26473 | Lair:6   | Reached XP level 14. HP: 106/106 MP: 11/29
 26626 | Lair:6   | Found a runed translucent door.
 26762 | Lair:6   | Reached skill level 10 in Dodging
 27529 | Lair:6   | Reached skill level 10 in Stealth
 28534 | Lair:6   | Reached skill level 10 in Invocations
 29861 | D:4      | Found a broken altar of Ashenzari.
 30051 | D:4      | Killed Menkaure
 30136 | D:4      | Bought a potion of invisibility for 112 gold pieces
 30263 | D:6      | Bought a potion of ambrosia for 104 gold pieces
 30263 | D:6      | Bought a potion of mutation for 104 gold pieces
 30263 | D:6      | Bought a potion of cancellation for 104 gold pieces
 31699 | D:10     | Bought an uncursed ring of flight for 245 gold pieces
 32029 | D:12     | Noticed Fannar
 32033 | D:12     | Killed Fannar
 32179 | D:12     | Found a staircase to the Orcish Mines.
 32950 | Orc:1    | Entered Level 1 of the Orcish Mines
 32979 | Orc:2    | Entered Level 2 of the Orcish Mines
 33354 | Orc:2    | Reached **** piety under Ashenzari
 34860 | Orc:2    | Found a staircase to the Elven Halls.
 35511 | Orc:1    | Noticed Snorg
 35517 | Orc:1    | Killed Snorg
 35658 | Orc:2    | Noticed an orc warlord
 35667 | Orc:2    | Killed an orc warlord
 35668 | Orc:2    | Reached XP level 15. HP: 115/115 MP: 5/30
 36508 | Orc:1    | Noticed an orc warlord
 36532 | Orc:1    | Killed an orc warlord
 37062 | Orc:2    | Noticed Maurice
 37072 | Orc:2    | Killed Maurice
 38050 | Orc:2    | Found Jihimn's General Store.
 38051 | Orc:2    | Found Gouz's Jewellery Shop.
 38055 | Orc:2    | Found Fest's Antique Armour Boutique.
 38055 | Orc:2    | Found Luntusukh's Antique Weapon Boutique.
 38112 | Orc:2    | Bought a pair of glowing gloves for 240 gold pieces
 38112 | Orc:2    | Bought a pair of glowing boots for 240 gold pieces
 38112 | Orc:2    | Bought a scorched kite shield for 304 gold pieces
 38156 | Orc:2    | Bought the ring of the Heron {rPois rF+ rC+ Slay-4} for 396
                  | gold pieces
 38156 | Orc:2    | Bought an uncursed ring of willpower for 375 gold pieces
 38188 | Orc:2    | Identified the +0 kite shield of Wabbamm {-Tele rElec Dex+5
                  | Stlth+} (You bought it in a shop on level 2 of the Orcish
                  | Mines)
 38243 | Orc:2    | Bought a scroll of identify for 34 gold pieces
 38442 | D:13     | Found a gate leading to a gauntlet.
 38453 | D:13     | Reached skill level 10 in Fighting
 38453 | D:13     | Reached skill level 10 in Short Blades
 38453 | D:13     | Reached skill level 10 in Long Blades
 38453 | D:13     | Reached skill level 10 in Axes
 38453 | D:13     | Reached skill level 10 in Maces & Flails
 38453 | D:13     | Reached skill level 10 in Polearms
 38453 | D:13     | Reached skill level 10 in Staves
 38453 | D:13     | Reached skill level 10 in Slings
 38453 | D:13     | Reached skill level 10 in Bows
 38453 | D:13     | Reached skill level 10 in Crossbows
 38453 | D:13     | Reached skill level 10 in Throwing
 38453 | D:13     | Reached skill level 10 in Armour
 38453 | D:13     | Reached skill level 10 in Shields
 38453 | D:13     | Reached skill level 10 in Unarmed Combat
 38453 | D:13     | Reached skill level 10 in Evocations
 38468 | Gauntlet | Entered a Gauntlet
 38468 | Gauntlet | Found a transporter.
 38472 | Gauntlet | Found a transporter.
 38474 | Gauntlet | Found a transporter.
 38488 | Gauntlet | Found a transporter.
 38491 | Gauntlet | Found a transporter.
 38507 | Gauntlet | Found a transporter.
 38522 | Gauntlet | Found a transporter.
 38533 | Gauntlet | Found a transporter.
 38545 | Gauntlet | Found a transporter.
 38550 | Gauntlet | Found a transporter.
 38550 | Gauntlet | Found a transporter.
 38578 | Gauntlet | Found a transporter.
 38578 | Gauntlet | Found a transporter.
 38649 | Gauntlet | Found a transporter.
 39146 | Gauntlet | Got the uncursed pair of gloves of a wizard's laboratory
                  | {rC+ Slay+2}
 39262 | Gauntlet | Identified the +8 longbow "Sabiegudd" {flame, *Slow Int+3
                  | Dex+2 Stlth+}
 39262 | Gauntlet | Identified the ring of Udwocail {rPois rF+ rN+ Int-2
                  | Stlth-}
 39284 | Gauntlet | Reached skill level 11 in Dodging
 39454 | D:13     | Identified the +0 pair of gloves of a wizard's laboratory
                  | {rC+ Slay+2} (You found it in a Gauntlet)
 40405 | D:13     | Found a sacrificial altar of Ru.
 42101 | D:14     | Noticed Laowois's ghost (journeyman MiBe)
 42205 | D:14     | Found a transporter.
 42330 | D:14     | Found a transporter.
 43081 | D:14     | Noticed Nessos
 43148 | D:14     | Killed Nessos
 43613 | D:14     | Reached XP level 16. HP: 113/123 MP: 6/32
 43742 | D:14     | Found a gate to the Vaults.
 43817 | D:15     | Entered Level 15 of the Dungeon
 44508 | D:15     | Reached ***** piety under Ashenzari
 45045 | D:15     | Found a staircase to the Depths.
 45062 | D:15     | Learned a level 6 spell: Iron Shot
 46074 | Swamp:1  | Entered Level 1 of the Swamp
 46198 | Swamp:1  | Noticed Roxanne
 46625 | Swamp:1  | Found a runed translucent gate.
 46625 | Swamp:1  | Found a runed translucent gate.
 46625 | Swamp:1  | Found a runed translucent gate.
 46625 | Swamp:1  | Noticed Amet's ghost (journeyman MiBe)
 47577 | Swamp:1  | Noticed a fenstrider witch
 47587 | Swamp:1  | Killed a fenstrider witch
 48069 | Swamp:1  | Killed Roxanne
 48560 | Swamp:2  | Noticed a thorn hunter
 48874 | Swamp:2  | Killed a thorn hunter
 49033 | Swamp:2  | Identified 2 scrolls of acquirement
 49046 | Swamp:2  | Acquired a cursed staff of earth
 49673 | Swamp:2  | Reached skill level 12 in Dodging
 49923 | Swamp:1  | Reached XP level 17. HP: 47/131 MP: 17/33
 50466 | Swamp:3  | Noticed Nikola
 51086 | Swamp:3  | Killed Nikola
 51600 | Swamp:3  | Reached skill level 10 in Conjurations
 51600 | Swamp:3  | Reached skill level 10 in Summonings
 51600 | Swamp:3  | Reached skill level 10 in Translocations
 52136 | Swamp:4  | Entered Level 4 of the Swamp
 52136 | Swamp:4  | Noticed Kirke
 52430 | Swamp:3  | HP: 2/131 [bunyip (10)]
 53406 | Swamp:4  | Killed Kirke
 54362 | Swamp:4  | Reached skill level 10 in Hexes
 54362 | Swamp:4  | Reached skill level 10 in Necromancy
 54362 | Swamp:4  | Reached skill level 10 in Transmutations
 54362 | Swamp:4  | Reached skill level 10 in Fire Magic
 54362 | Swamp:4  | Reached skill level 10 in Ice Magic
 54362 | Swamp:4  | Reached skill level 10 in Air Magic
 54362 | Swamp:4  | Reached skill level 10 in Earth Magic
 54362 | Swamp:4  | Reached skill level 10 in Poison Magic
 54949 | Swamp:4  | Got a decaying rune of Zot
 55863 | Snake:1  | Entered Level 1 of the Snake Pit
 57368 | Snake:1  | Reached XP level 18. HP: 140/140 MP: 25/35
 58432 | Lair:4   | Acquired 494 gold pieces
 59303 | Snake:2  | Got the uncursed pair of boots "Rairoapt" {rElec Stlth+}
 59319 | Snake:2  | Identified the +2 pair of boots "Rairoapt" {rElec Stlth+}
                  | (You found it on level 2 of the Snake Pit)
 62462 | Snake:4  | Entered Level 4 of the Snake Pit
 62465 | Snake:4  | Reached skill level 13 in Dodging
 64235 | Snake:4  | Noticed Louise
 64258 | Snake:4  | Killed Louise
 64616 | Snake:4  | Reached XP level 19. HP: 137/147 MP: 7/37
 65959 | Snake:4  | Got a serpentine rune of Zot
 66827 | Vaults:1 | Entered Level 1 of the Vaults
 67669 | Vaults:1 | Identified the Tome of Feathery Malediction
 68767 | Vaults:1 | Reached XP level 20. HP: 156/156 MP: 35/38
 70137 | Vaults:1 | Learned a level 7 spell: Spellforged Servitor
 70263 | Vaults:2 | Reached skill level 14 in Dodging
 70328 | Vaults:2 | Found a magical portal.
 70346 | WizLab   | Entered Wucad Mu's Monastery
 70613 | WizLab   | Found the +9 staff of Wucad Mu {*channel}
 70663 | WizLab   | Reached XP level 21. HP: 163/163 MP: 25/39
 71324 | Vaults:2 | Found a staircase to the Crypt.
 71324 | Vaults:2 | Found a basalt altar of Yredelemnul.
 71325 | Vaults:2 | Found an ancient bone altar of Kikubaaqudgha.
 71590 | Vaults:2 | Reached skill level 15 in Spellcasting
 71954 | Vaults:2 | Found Uqegeigh's Assorted Antiques.
 73458 | Vaults:3 | Found Fafa's Jewellery Shoppe.
 73460 | Vaults:3 | Found Feukuz's Magic Scroll Emporium.
 73474 | Vaults:3 | Bought a scroll of blinking for 150 gold pieces
 73597 | Vaults:3 | Found Sasi's Antique Armour Boutique.
 75089 | Vaults:4 | Reached XP level 22. HP: 171/171 MP: 39/41
 75336 | Vaults:4 | Identified a +1 pair of boots of running (You found it on
                  | level 4 of the Vaults)
 75537 | Vaults:4 | Reached ****** piety under Ashenzari
 75699 | Vaults:4 | Reached skill level 15 in Invocations
 75714 | Vaults:4 | Reached skill level 15 in Dodging
 78461 | Elf:1    | Entered Level 1 of the Elven Halls
 78552 | Elf:1    | Identified Duaschef's Volume of the Entourage
 79619 | Elf:2    | Found a shimmering blue altar of Sif Muna.
 79869 | Elf:2    | Found a runed translucent gate.
 79869 | Elf:2    | Found a runed translucent gate.
 79869 | Elf:2    | Found a runed translucent gate.
 80642 | Depths:1 | Entered Level 1 of the Depths
 81139 | Depths:1 | Found a gateway to a ziggurat.
 81495 | Depths:1 | Found a gateway to Hell.
 82858 | Depths:1 | Identified the +6 chain mail "Lant" {Dex+3} (You found it
                  | on level 13 of the Dungeon)
 82858 | Depths:1 | Identified the +8 chain mail "Oblunis" {rElec} (You found
                  | it on level 1 of the Swamp)
 82858 | Depths:1 | Identified the cursed +1 leather armour of the Hurricane
                  | {+Fly Dex+2}
 83211 | Depths:2 | Reached skill level 16 in Dodging
 83213 | Depths:2 | Reached XP level 23. HP: 179/179 MP: 11/42
 83220 | Depths:2 | Noticed a caustic shrike
 83592 | Depths:1 | Reached skill level 15 in Stealth
 83671 | Depths:1 | Killed a caustic shrike
 83855 | Depths:1 | Found a gateway to a ziggurat.
 84229 | Depths:1 | Found a gateway to Hell.
 85016 | Depths:2 | Found a one-way gate leading to the halls of Pandemonium.
 88282 | Depths:3 | Identified the +5 demon trident "Dragonslayer" {vamp, +Inv
                  | rN+}
 88325 | Depths:3 | Reached skill level 15 in Fighting
 88325 | Depths:3 | Reached skill level 15 in Short Blades
 88325 | Depths:3 | Reached skill level 15 in Long Blades
 88325 | Depths:3 | Reached skill level 15 in Axes
 88325 | Depths:3 | Reached skill level 15 in Maces & Flails
 88325 | Depths:3 | Reached skill level 15 in Polearms
 88325 | Depths:3 | Reached skill level 15 in Staves
 88325 | Depths:3 | Reached skill level 15 in Slings
 88325 | Depths:3 | Reached skill level 15 in Bows
 88325 | Depths:3 | Reached skill level 15 in Crossbows
 88325 | Depths:3 | Reached skill level 15 in Throwing
 88325 | Depths:3 | Reached skill level 15 in Armour
 88325 | Depths:3 | Reached skill level 15 in Shields
 88325 | Depths:3 | Reached skill level 15 in Unarmed Combat
 88325 | Depths:3 | Reached skill level 15 in Evocations
 88605 | Depths:3 | Noticed the Enchantress
 88822 | Depths:2 | Killed the Enchantress
 89120 | Depths:2 | Reached skill level 17 in Dodging
 89327 | Depths:3 | Reached XP level 24. HP: 122/188 MP: 16/43
 90309 | Depths:3 | Gained mutation: You are dopey. (Int -2) [a neqoxec]
 91106 | Depths:3 | Found Qusuaklao's Distillery.
 91425 | Depths:3 | Noticed a juggernaut
 91437 | Depths:3 | Killed a juggernaut
 91844 | Depths:3 | Found the +8 glaive of the Guard {elec, spectral, AC+5}
 93053 | Depths:4 | Found a portal to a secret trove of treasure.
 94155 | Depths:5 | Entered Level 5 of the Depths
 95264 | Depths:5 | Reached skill level 18 in Dodging
 95656 | Depths:5 | Reached XP level 25. HP: 196/196 MP: 29/43
 95937 | Depths:5 | Noticed a juggernaut
 95951 | Depths:5 | Killed a juggernaut
 96478 | Depths:5 | Found a gate to the Realm of Zot.
 96897 | Vaults:3 | Bought a scroll of enchant armour for 150 gold pieces
 97204 | Elf:3    | Entered Level 3 of the Elven Halls
 99461 | Elf:3    | Identified the ring "Beisinia" {rF+ rC+ Int+6}
 99709 | Elf:3    | Identified the amulet "Ahob" {rC+ rN+ Will+++ Regen+ MP-9}
 99709 | Elf:3    | Identified the cursed +0 robe of the Armoured One {+Blink
                  | rElec rPois Int-4}
 99910 | Elf:3    | Acquired 725 gold pieces
 99987 | Elf:3    | Identified the +2 pair of gloves of Anaesthesia {rC++
                  | Str+3}
 99990 | Elf:3    | Identified the Papyrus of Attacks
100523 | Vaults:3 | Bought the ring of Cesicely {+Inv +Fly rPois rF+ Dex+2} for
                  | 562 gold pieces
101089 | Depths:5 | Identified the +1 short sword "Inyaneef" {vorpal, rF+ Will+
                  | Int+6 Stlth+} (You found it on level 3 of the Elven Halls)
101089 | Depths:5 | Identified the cursed +2 quarterstaff of Askezuem {drain,
                  | rElec Str+3}
101089 | Depths:5 | Identified the +5 quarterstaff of Rotation {vorpal, Dex+3}
101089 | Depths:5 | Identified the +11 fustibalus of Timymp {vorpal, rPois
                  | Dex+2}
101089 | Depths:5 | Identified the +10 bardiche of Safeukiy {vorpal, rElec
                  | Str+2 Stlth-}
101368 | Lair:3   | Killed Jiharaak's ghost
101514 | Swamp:1  | Killed Amet's ghost
101790 | Depths:4 | You paid a toll of 7 scrolls of fear to enter a treasure
                  | trove
101791 | Trove    | Entered a treasure trove
101794 | Trove    | Found the cursed +2 shield of Resistance {rF++ rC++ Will++}
101794 | Trove    | Identified the +5 robe of Lapnyad {rPois Str+4 SInv}
101794 | Trove    | Identified the cursed +2 pair of gloves "Duefieth" {rElec
                  | rPois rF- Str+4}
101794 | Trove    | Identified the cursed +1 buckler of Vehumet's Regard
                  | {Regen+ Int+5 Dex-2}
101794 | Trove    | Identified the +1 robe of an ice cave {rC++ rN++ Int-2}
101795 | Trove    | Identified the cursed +6 tower shield of Resilience {rElec
                  | rN+ Dex+3}
101795 | Trove    | Identified the cursed +3 cloak of Xom's Anger {rPois Int+4}
101795 | Trove    | Identified the cursed +3 kite shield "Kiter" {rPois Regen+}
102495 | Vaults:1 | Identified the +11 fustibalus of Timymp {vorpal, rPois
                  | Dex+2}
102586 | Crypt:1  | Entered Level 1 of the Crypt
102615 | Crypt:1  | Noticed an ancient lich
102725 | Crypt:1  | Killed an ancient lich
102874 | Vaults:2 | Reached skill level 15 in Transmutations
104663 | Crypt:1  | Noticed Frederick
104672 | Crypt:1  | Killed Frederick
104673 | Crypt:1  | Reached skill level 19 in Dodging
104673 | Crypt:1  | Reached XP level 26. HP: 205/205 MP: 7/44
106970 | Crypt:3  | Entered Level 3 of the Crypt
106970 | Crypt:3  | Noticed Bai Suzhen
107194 | Crypt:2  | Killed Bai Suzhen
107617 | Crypt:3  | Learned a level 7 spell: Orb of Destruction
107626 | Crypt:3  | Learned a level 8 spell: Lehudib's Crystal Spear
108687 | Crypt:3  | Found the +5 scythe "Finisher" {speed, eviscerate}
109033 | Crypt:3  | Found a staircase to the Tomb.
109178 | Crypt:3  | Found an ancient bone altar of Kikubaaqudgha.
109179 | Crypt:3  | Noticed an ancient lich
109181 | Crypt:3  | Killed an ancient lich
109620 | Crypt:3  | Identified the cursed +3 rapier of Terror {vorpal, rElec
                  | Int+5 SInv}
109882 | Vaults:2 | Bought a wand of iceblast (5) for 96 gold pieces
109882 | Vaults:2 | Bought a wand of flame (23) for 24 gold pieces
109882 | Vaults:2 | Bought a scroll of vulnerability for 180 gold pieces
109882 | Vaults:2 | Bought a potion of haste for 240 gold pieces
109990 | Vaults:3 | Bought a scroll of fog for 40 gold pieces
109990 | Vaults:3 | Bought a scroll of holy word for 150 gold pieces
110224 | Depths:3 | Bought a potion of lignification for 57 gold pieces
110224 | Depths:3 | Bought a potion of magic for 152 gold pieces
110224 | Depths:3 | Bought a potion of haste for 190 gold pieces
110224 | Depths:3 | Bought a potion of haste for 190 gold pieces
110224 | Depths:3 | Bought a potion of heal wounds for 95 gold pieces
110224 | Depths:3 | Bought a potion of curing for 57 gold pieces
110224 | Depths:3 | Bought a potion of invisibility for 152 gold pieces
110224 | Depths:3 | Bought 2 potions of curing for 114 gold pieces
110224 | Depths:3 | Bought a potion of brilliance for 76 gold pieces
110492 | Orc:2    | Bought a potion of invisibility for 136 gold pieces
110492 | Orc:2    | Bought a scroll of vulnerability for 127 gold pieces
110492 | Orc:2    | Bought a scroll of teleportation for 51 gold pieces
110503 | Orc:2    | Bought a faintly glowing long sword for 238 gold pieces
110503 | Orc:2    | Identified the +3 long sword of Naut {freeze, rN+ Dex+6}
                  | (You bought it in a shop on level 2 of the Orcish Mines)
110613 | D:10     | Bought a scroll of blinking for 105 gold pieces
110613 | D:10     | Bought a scroll of blinking for 105 gold pieces
110613 | D:10     | Bought a scroll of teleportation for 42 gold pieces
110613 | D:10     | Bought a scroll of teleportation for 42 gold pieces
110613 | D:10     | Bought a scroll of teleportation for 42 gold pieces
110613 | D:10     | Bought a scroll of fog for 28 gold pieces
110758 | D:6      | Bought a potion of resistance for 130 gold pieces
110758 | D:6      | Bought a potion of attraction for 39 gold pieces
110758 | D:6      | Bought a potion of haste for 130 gold pieces
110758 | D:6      | Bought a potion of might for 52 gold pieces
110758 | D:6      | Bought a potion of curing for 39 gold pieces
110857 | D:4      | Bought a potion of curing for 42 gold pieces
110857 | D:4      | Bought a potion of haste for 140 gold pieces
110857 | D:4      | Bought a potion of invisibility for 112 gold pieces
110857 | D:4      | Bought a potion of ambrosia for 112 gold pieces
110857 | D:4      | Bought 2 potions of attraction for 84 gold pieces
110857 | D:4      | Bought a potion of flight for 42 gold pieces
110857 | D:4      | Bought a potion of ambrosia for 112 gold pieces
110857 | D:4      | Bought a potion of lignification for 42 gold pieces
111287 | Vaults:5 | Entered Level 5 of the Vaults
111390 | Vaults:4 | Learned a level 4 spell: Olgreb's Toxic Radiance
111394 | Vaults:4 | Learned a level 3 spell: Ignite Poison
111412 | Vaults:5 | Noticed an ancient lich
111420 | Vaults:5 | Killed an ancient lich
111593 | Vaults:5 | Reached XP level 27. HP: 213/213 MP: 27/44
111619 | Vaults:5 | Reached skill level 20 in Dodging
112169 | Vaults:5 | Noticed an ancient lich
112174 | Vaults:5 | Killed an ancient lich
113276 | Vaults:5 | Reached skill level 15 in Conjurations
113276 | Vaults:5 | Reached skill level 15 in Summonings
113276 | Vaults:5 | Reached skill level 15 in Translocations
113644 | Vaults:5 | Identified the +7 short sword of Charity {vorpal, +Inv
                  | Int+3}
113727 | Vaults:5 | Identified the +2 scale mail of the Heavens {+Blink rPois
                  | rN+ Int+4}
114116 | Vaults:5 | Found Plog's Magic Scroll Emporium.
114120 | Vaults:5 | Found Giajar's Distillery.
114172 | Vaults:5 | Found Ixups's Magic Scroll Emporium.
114319 | Vaults:5 | Got a silver rune of Zot
114945 | Vaults:5 | Bought a scroll of fog for 34 gold pieces
114945 | Vaults:5 | Bought a scroll of teleportation for 51 gold pieces
114945 | Vaults:5 | Bought a scroll of holy word for 127 gold pieces
114945 | Vaults:5 | Bought a scroll of fog for 34 gold pieces
114945 | Vaults:5 | Bought a scroll of remove curse for 51 gold pieces
114952 | Vaults:5 | Bought a potion of might for 64 gold pieces
114952 | Vaults:5 | Bought a potion of heal wounds for 80 gold pieces
114952 | Vaults:5 | Bought a potion of invisibility for 128 gold pieces
114952 | Vaults:5 | Bought a potion of brilliance for 64 gold pieces
114952 | Vaults:5 | Bought a potion of haste for 160 gold pieces
114952 | Vaults:5 | Bought a potion of attraction for 48 gold pieces
114952 | Vaults:5 | Bought a potion of attraction for 48 gold pieces
114952 | Vaults:5 | Bought a potion of lignification for 48 gold pieces
114967 | Vaults:5 | Bought a scroll of vulnerability for 135 gold pieces
114967 | Vaults:5 | Bought a scroll of teleportation for 54 gold pieces
114967 | Vaults:5 | Bought 2 scrolls of teleportation for 108 gold pieces
115361 | Vaults:5 | Bought a scroll of amnesia for 59 gold pieces
116295 | Vaults:5 | Bought a potion of mutation for 128 gold pieces
117145 | Depths:5 | Learned a level 5 spell: Yara's Violent Unravelling
117147 | Zot:1    | Entered Level 1 of the Realm of Zot
117726 | Zot:1    | Reached skill level 15 in Hexes
117726 | Zot:1    | Reached skill level 15 in Necromancy
117726 | Zot:1    | Reached skill level 15 in Fire Magic
117726 | Zot:1    | Reached skill level 15 in Ice Magic
117726 | Zot:1    | Reached skill level 15 in Air Magic
117726 | Zot:1    | Reached skill level 15 in Earth Magic
117726 | Zot:1    | Reached skill level 15 in Poison Magic
119938 | Zot:2    | Found a transporter.
119943 | Zot:2    | Noticed Dedosmae's ghost (legendary GnFi)
119944 | Zot:2    | Identified the cursed +0 cloak of Untruth {Int-5 Dex+3
                  | Slay+3}
119955 | Zot:2    | Found a transporter.
120188 | Zot:2    | Reached skill level 21 in Dodging
121741 | Zot:3    | Noticed an orb of fire
121747 | Zot:3    | Killed an orb of fire
123788 | Zot:5    | Entered Level 5 of the Realm of Zot
125716 | Zot:5    | Noticed an ancient lich
125722 | Zot:5    | Killed an ancient lich
125822 | Zot:5    | Noticed an ancient lich
125829 | Zot:5    | Killed an ancient lich
126206 | Zot:5    | Noticed an orb of fire
126211 | Zot:5    | Killed an orb of fire
126216 | Zot:5    | Noticed an orb of fire
126226 | Zot:5    | Killed an orb of fire
127122 | Zot:5    | Reached skill level 22 in Dodging
127940 | Zot:5    | Noticed an orb of fire
127944 | Zot:5    | Killed an orb of fire
128143 | Zot:5    | Noticed an orb of fire
128147 | Zot:5    | Killed an orb of fire
128643 | Zot:5    | Noticed an ancient lich
128647 | Zot:5    | Killed an ancient lich
130451 | Zot:5    | Got the Orb of Zot
130526 | Zot:2    | Noticed Hifiar the pandemonium lord
130910 | D:$      | Escaped with the Orb!

Illustrated notes

Levels and vault maps discovered:
D:1:      scummos_arrival_checkerplants, layout_basic, serial_glass,
          glass_columns_a, glass_columns_a, glass_columns_a, glass_columns_b,
          glass_columns_b
D:2:      layout_loops_cross, old_standard_altar, nzn_wu_jian_contemplation,
          lemuel_blue_sif_altar, old_standard_altar,
          nicolae_overflow_crystal_walls
D:3:      layout_rooms, dancing_weapons_uskayaw, lemuel_angel_altar,
          uniq_sigmund
D:4:      layout_basic, serial_shops, shop_statue, evilmike_ruin_ashenzari,
          uniq_menkaure, uniq_edmund, uniq_duvessa
D:5:      layout_basic, lemuel_zombie_altar_kikubaaqudgha,
          nemelex_dance_club_becter, uniq_pikel
D:6:      minmay_evil_eye, layout_basic, lemuel_crystal_altar, elyvilon_altar_4,
          serial_rivers, chequers_serial_rivers_room_a,
          chequers_serial_rivers_micro_d, chequers_serial_rivers_large_b,
          chequers_serial_rivers_small_b, chequers_serial_rivers_small_b,
          serial_shops, kennysheep_mini_moat
D:7:      layout_loops_ring, cheibrodos_worm_habitat, temple_fountains,
          minmay_misc_feat_x, nicolae_water_bricks,
          chequers_serial_rivers_micro_a
D:8:      layout_rooms, vehumet_statue, nicolae_qazlal_eye_of_the_storm
D:9:      layout_big_octagon, yredelemnul_forgotten_temple_becter,
          fedhas_altar_3
D:10:     layout_cave_pools, lair_entry_dummy, special_room [special_room_orc],
          nicolae_island_escapes
D:11:     layout_loops_ring
D:12:     layout_roguey, david_orc_3, uniq_fannar
D:13:     nzn_winding_woodlands_small [nzn_winding_woodlands_5x15_longhouse,
          nzn_winding_woodlands_center_diamonds,
          nzn_winding_woodlands_5x15_pockets], layout_stronghold,
          gauntlet_entry_generic, hangedman_ru_absence
D:14:     layout_roguey, ximxim_vaults_locker_room, gammafunk_ghost_mausoleum,
          chequers_avenue, uniq_nessos
D:15:     grunt_enter_depths_giant_problem, layout_basic,
          chequers_serial_rivers_room_b
Temple:   jpeg_temple_island
Lair:1:   layout_loops_ring, serial_forest, infiniplex_forest_clump_diagonal,
          infiniplex_forest_zigzag_1, infiniplex_forest_straight_2,
          infiniplex_forest_corner_2, infiniplex_forest_straight_1,
          infiniplex_forest_clump_medium, infiniplex_forest_clump_small,
          infiniplex_forest_corner_1, infiniplex_forest_end_1,
          infiniplex_forest_lined_3, beast_lair_carwin_7, uniq_nergalle,
          uniq_sonja
Lair:2:   layout_long_grid, swamp_mist_pool, portal_ice_cave_demonic_guard,
          gammafunk_ghost_abyssal_escape, gammafunk_lair_bear_cave,
          lemuel_fruit_fields
Lair:3:   layout_loops_ring, gammafunk_ghost_arena
Lair:4:   minmay_lair_oklob_tunnel, layout_regular_city,
          minmay_snake_entry_guardpost_medium, lemuel_fruit_fields
Lair:5:   layout_concentric_octagons, dpeg_slime_entry_enclosed_altar,
          worms_lemuel
Lair:6:   wormcave, layout_misc_corridors, guppyfry_lair_end_dragon
Swamp:1:  layout_basic_swamp, gammafunk_ghost_necromancy,
          evilmike_swamp_ruin_house_1, uniq_roxanne
Swamp:2:  layout_falls_marsh, evilmike_swamp_ruin_rubble_1,
          infiniplex_staircase_pool
Swamp:3:  layout_basic_swamp, evilmike_swamp_ruin_house_6, swamp_pool1,
          uniq_nikola
Swamp:4:  swamp_alternative, layout_basic_swamp, swamp_pool1, uniq_kirke
Snake:1:  layout_misc_corridors
Snake:2:  layout_rooms, st_stairs_2, grunt_megastairs_5, serial_bayou_shore_b
Snake:3:  layout_rooms
Snake:4:  johnstein_snake_rune_scales, layout_grid_maze, uniq_louise
Orc:1:    layout_diamond_mine, uniq_snorg
Orc:2:    st_orc_congregation, layout_caves, uniq_maurice
Elf:1:    eino_elf_arrival_sip, layout_geoelf_octagon, minmay_elf_demonology
Elf:2:    layout_rooms, basic_altar
Elf:3:    nooodl_elf_gasket, layout_geoelf_diagonals
Vaults:1: v_misc_23, nicolae_vaults_specimen_jars, grunt_vaults_twisty,
          hangedman_vaults_nodes, nicolae_vaults_ninety_degrees,
          nicolae_vaults_lopsided_apartments,
          vaults_standard_mumra_enter_the_diamond, serial_ice_m,
          hangedman_vaults_snaps, ontoclasm_vaults_chip, vaults_room_door_ring,
          ontoclasm_vaults_bender, vaults_dpeg_encased_lava,
          layout_vaults_omnibox
Vaults:2: vaults_room_grid, vaults_room_ringed_pool,
          minmay_crypt_entry_necro_gods, v_misc_5, vaults_room_semicircle,
          vaults_mumra_minichess_inversion, grunt_vaults_hallway_long,
          layout_vaults_maze_bifur, serial_shops, shop, mu_enter_wizlab_5
Vaults:3: v_rooms_6, nicolae_vaults_theta, nicolae_vaults_asterisk,
          grunt_vaults_trifunnel, hangedman_vaults_nails, v_misc_23,
          v_alt_pattern_6, v_alt_pattern_1, vaults_room_semicircle,
          vaults_dpeg_hooks, vaults_room_pools, layout_vaults_big_room,
          serial_shops, shop, shop, shop
Vaults:4: v_alt_pattern_3, vaults_dpeg_doors, vaults_room_door_hall,
          vaults_room_fours, ontoclasm_vaults_decontamination,
          nicolae_vaults_little_squares_6, layout_vaults_omnigrid
Vaults:5
Crypt:1:  layout_misc_corridors, minmay_misc_feat_cross,
          minmay_misc_feat_columns, hex_large, minmay_misc_feat_hallway,
          evilmike_ambush [evilmike_ambush_outer_corners,
          evilmike_ambush_inner_wall_1], grunt_crypt_arrival_webbed,
          uniq_frederick
Crypt:2:  layout_chaotic_city
Crypt:3:  cryptofortress_bobbens, uniq_bai_suzhen
Depths:1: layout_twisted_cross, enter_ziggurat_e, hell_entry,
          nicolae_two_hexagons, minmay_misc_feat_tiny, evilmike_butchery
Depths:2: hangedman_pleasuredromes, pan_entry, hell_entry, abyss_entry
Depths:3: minmay_guarded_unrand_guard, layout_gridville, serial_shops,
          shop_fountains, hellmouth_3, serial_bayou_pond_e,
          rand_demon_pan_entry_4, serial_bayou_shore_a, uniq_enchantress
Depths:4: lemuel_firewalk_3, layout_cave_pools, enter_trove_3,
          minmay_room_of_horrors, pf_vacation_house_of_asmodeus,
          minmay_misc_feat_encased
Depths:5: grunt_twist_and_shout, layout_gridville, grunt_hell_entry_dis_old,
          dk_noncrumbling_2, grunt_pan_entry_in_and_out, serial_bayou_shore_b
Zot:1:    layout_gridlike
Zot:2:    layout_cathedral_of_symmetry, gammafunk_ghost_berserking_beasts
Zot:3:    layout_basic, grunt_megastairs_3
Zot:4:    layout_onion_interference
Zot:5:    layout_misc_corridors

Skill      XL: |  1  2  3  4  5  6  7  8  9 10 11 12 13 14 15 16 17 18 19 20 21 22 23 24 25 26 27 |
---------------+----------------------------------------------------------------------------------+-----
Conjurations   | 2 3 4 5 6 7 8 9 10 11 12 13 14 16 | 16.1
Summonings     | 2 3 4 5 6 7 8 9 10 11 12 13 14 16 | 16.1
Translocations | 2 3 4 5 6 7 8 9 10 11 12 13 14 16 | 16.1
Invocations    | 1 2 3 4 5 6 7 8 9 10 11 12 13 14 15 16 17 18 19 | 19.9
Fighting       | 1 2 3 4 5 6 7 8 9 10 11 12 13 14 15 16 18 | 18.5
Short Blades   | 1 2 3 4 5 6 7 8 9 10 11 12 13 14 15 16 18 | 18.5
Long Blades    | 1 2 3 4 5 6 7 8 9 10 11 12 13 14 15 16 18 | 18.5
Axes           | 1 2 3 4 5 6 7 8 9 10 11 12 13 14 15 16 18 | 18.5
Maces & Flails | 1 2 3 4 5 6 7 8 9 10 11 12 13 14 15 16 18 | 18.5
Polearms       | 1 2 3 4 5 6 7 8 9 10 11 12 13 14 15 16 18 | 18.5
Staves         | 1 2 3 4 5 6 7 8 9 10 11 12 13 14 15 16 18 | 18.5
Slings         | 1 2 3 4 5 6 7 8 9 10 11 12 13 14 15 16 18 | 18.5
Bows           | 1 2 3 4 5 6 7 8 9 10 11 12 13 14 15 16 18 | 18.5
Crossbows      | 1 2 3 4 5 6 7 8 9 10 11 12 13 14 15 16 18 | 18.5
Throwing       | 1 2 3 4 5 6 7 8 9 10 11 12 13 14 15 16 18 | 18.5
Armour         | 1 2 3 4 5 6 7 8 9 10 11 12 13 14 15 16 18 | 18.5
Shields        | 1 2 3 4 5 6 7 8 9 10 11 12 13 14 15 16 18 | 18.5
Unarmed Combat | 1 2 3 4 5 6 7 8 9 10 11 12 13 14 15 16 18 | 18.5
Evocations     | 1 2 3 4 5 6 7 8 9 10 11 12 13 14 15 16 18 | 18.5
Hexes          | 1 2 3 4 5 6 7 8 9 10 11 12 13 14 16 | 16.0
Necromancy     | 1 2 3 4 5 6 7 8 9 10 11 12 13 14 16 | 16.0
Transmutations | 1 2 3 4 5 6 7 8 9 10 11 12 13 14 15 16 18 | 18.5
Fire Magic     | 1 2 3 4 5 6 7 8 9 10 11 12 13 14 16 | 16.0
Ice Magic      | 1 2 3 4 5 6 7 8 9 10 11 12 13 14 16 | 16.0
Air Magic      | 1 2 3 4 5 6 7 8 9 10 11 12 13 14 16 | 16.0
Earth Magic    | 1 2 3 4 5 6 7 8 9 10 11 12 13 14 16 | 16.0
Poison Magic   | 1 2 3 4 5 6 7 8 9 10 11 12 13 14 16 | 16.0
Dodging        | 5 6 7 8 9 10 11 12 13 14 16 17 18 19 22 | 22.3
Stealth        | 5 6 7 8 9 10 11 12 13 14 15 16 17 18 | 18.8
Spellcasting   | 8 9 10 11 12 13 14 15 16 17 19 | 19.4

Action                   |  1- 3 |  4- 6 |  7- 9 | 10-12 | 13-15 | 16-18 | 19-21 | 22-24 | 25-27 || total
-------------------------+-------+-------+-------+-------+-------+-------+-------+-------+-------++-------
Melee: Dagger            |     1 |       |       |       |       |       |       |       |       ||     1
       Spear             |     1 |    62 |   185 |       |       |       |       |       |       ||   248
       Bite              |       |     3 |    21 |    38 |    41 |    34 |   126 |   134 |   136 ||   533
       Punch             |       |       |     4 |    10 |    13 |     9 |       |       |       ||    36
       Long sword        |       |       |    34 |   283 |   321 |   250 |   816 |   861 |   878 ||  3443
       Trident           |       |       |       |     8 |       |       |       |       |       ||     8
       Staff             |       |       |       |       |       |     2 |       |    61 |       ||    63
 Fire: Shortbow          |       |       |     4 |     1 |       |       |       |       |       ||     5
       Arbalest          |       |       |       |       |       |    10 |       |       |       ||    10
Throw: Dart              |       |     7 |       |     4 |       |       |       |       |       ||    11
       Throwing net      |       |       |       |       |       |       |       |       |     3 ||     3
 Cast: Magic Dart        |   102 |    64 |   223 |   111 |   170 |    41 |     2 |     1 |     3 ||   717
       Call Imp          |    10 |    33 |    66 |    56 |     4 |       |       |       |       ||   169
       Conjure Flame     |       |     5 |    23 |     8 |       |       |       |       |       ||    36
       Mephitic Cloud    |       |     4 |    16 |    24 |    82 |     7 |    29 |    87 |    58 ||   307
       Animate Dead      |       |       |     1 |    19 |     4 |     2 |       |     1 |     1 ||    28
       Blink             |       |       |       |     1 |       |    18 |       |     7 |     1 ||    27
       Bolt of Magma     |       |       |       |    63 |   409 |    72 |    20 |    50 |    13 ||   627
       Fireball          |       |       |       |       |    50 |    60 |     5 |    13 |     7 ||   135
       Iron Shot         |       |       |       |       |       |   445 |   218 |   363 |   450 ||  1476
       Spellforged Servi |       |       |       |       |       |       |    13 |    81 |   194 ||   288
       Olgreb's Toxic Ra |       |       |       |       |       |       |       |       |    46 ||    46
       Ignite Poison     |       |       |       |       |       |       |       |       |    16 ||    16
       Orb of Destructio |       |       |       |       |       |       |       |       |    77 ||    77
Invok: Curse Item        |       |       |     1 |     2 |     3 |     1 |       |     3 |     7 ||    17
 Abil: Evoke Flight      |       |       |       |       |       |       |       |       |     1 ||     1
Evoke: Condenser vane    |       |       |       |     1 |       |       |       |       |     4 ||     5
       Wand              |       |       |       |     7 |    12 |     3 |     3 |     1 |     2 ||    28
  Use: Scroll            |       |     3 |    11 |     2 |    13 |     9 |     3 |    13 |    23 ||    77
       Potion            |       |     2 |     1 |     1 |     4 |     3 |     8 |     4 |    15 ||    38
 Stab: Confused          |       |       |     5 |    18 |    13 |     3 |    31 |    63 |    19 ||   152
       Distracted        |       |       |     3 |     2 |       |       |     3 |    10 |    30 ||    48
       Sleeping          |       |       |       |     1 |    10 |     2 |    10 |     9 |    10 ||    42
       Paralysed         |       |       |       |       |     3 |     1 |       |       |       ||     4
Armor: Robe              |       |     6 |     5 |       |       |       |       |       |       ||    11
       Troll leather arm |       |       |    39 |    70 |    30 |       |       |       |       ||   139
       Swamp dragon scal |       |       |       |       |    45 |   108 |   157 |    61 |       ||   371
       Fire dragon scale |       |       |       |       |       |       |       |   140 |   235 ||   375
Dodge: Dodged            |     2 |    43 |   231 |   317 |   324 |   323 |   393 |   442 |   474 ||  2549
       Repelled          |       |       |       |       |       |    27 |    16 |     6 |       ||    49
Block: Kite shield       |       |       |       |       |       |   187 |   530 |   601 |   138 ||  1456
       Tower shield      |       |       |       |       |       |       |       |       |   675 ||   675
       Reflection        |       |       |       |       |       |       |       |       |    40 ||    40
       Rpst.: Long sword |       |       |    10 |    89 |    89 |    40 |    62 |    76 |    83 ||   449
